 Dungeon Crawl Stone Soup version 0.21-a0-621-gc60411f (webtiles) character file.

84 M4edhros the Charlatan (level 4, -2/28 HPs)
             Began as an Octopode Artificer on Dec 23, 2017.
             Slain by a worm (10 damage)
             ... on level 2 of the Dungeon.
             The game lasted 00:01:44 (449 turns).

M4edhros the Charlatan (Octopode Artificer)          Turns: 449, Time: 00:01:45

Health: -2/28      AC:  1    Str: 11    XL:     4   Next: 45%
Magic:  7/7        EV: 14    Int: 13    God:
Gold:   50         SH:  0    Dex: 13    Spells: 3/3 levels left

rFire    + . .     SeeInvis .   a - +0 short sword
rCold    . . .     Gourm    .   (no shield)
rNeg     . . .     Faith    .   (helmet restricted)
rPois    .         Spirit   .   (no amulet)
rElec    .         Reflect  .   h - ring of protection from fire
rCorr    .         Harm     .   (no ring)
MR       .....                  (no ring)
Stlth    +++.......             (no ring)
HPRegen  0.09/turn              (no ring)
MPRegen  0.10/turn              (no ring)
                                (no ring)
                                (no ring)

@: no status effects
A: almost no armour, stealthy swim, amphibious, 8 rings, constrict 8, camouflage
1, gelatinous body 1
a: no special abilities


You were on level 2 of the Dungeon.
You were not hungry.

You visited 1 branch of the dungeon, and saw 2 of its levels.

You collected 50 gold pieces.

Inventory:

Hand Weapons
 a - a +0 short sword (weapon)
Jewellery
 h - a ring of protection from fire (left tentacle)
Wands
 b - a wand of flame (15)
 c - a wand of enslavement (9)
 d - a wand of random effects (12)
Scrolls
 i - a scroll of remove curse {unknown}
 l - a scroll of amnesia {unknown}
Potions
 e - 2 potions of degeneration {unknown}
 g - a potion of curing {unknown}
 j - a potion of berserk rage {unknown}
Comestibles
 f - 2 rations
 k - 4 chunks of flesh


   Skills:
 - Level 1.0 Fighting
 - Level 1.0 Short Blades
 + Level 3.1 Dodging
 + Level 3.5 Stealth
 + Level 4.2 Evocations


You had 3 spell levels left.
You didn't know any spells.

Dungeon Overview and Level Annotations

Branches:
Dungeon (2/15)

Altars:


Innate Abilities, Weirdness & Mutations

You cannot wear most types of armour.
You are very stealthy in the water. (Stealth+)
You are amphibious.
You can wear up to eight rings at the same time.
You can use your tentacles to constrict eight enemies at once.
Your skin changes colour to match your surroundings (Stealth+).
Your rubbery body absorbs attacks. (AC +1, EV +1)


Message History

k - 4 chunks of flesh You see here a giant spiked club.
You now have 50 gold pieces (gained 10).
There is a stone staircase leading down here.
l - a scroll labeled DOC LEDWIHEAG A worm comes into view.
A rat comes into view.
You are too injured to fight recklessly!
You are too injured to fight recklessly!
Found 24 arrows.
You see here 6 gold pieces.
You hit the worm but do no damage. Your grab misses the worm.
You squeeze the worm.
The worm is moderately wounded.
The worm bites you!
* * * LOW HITPOINT WARNING * * *
You hit the worm. You grab the worm.
The worm is moderately wounded.
You constrict the worm. The worm bites you!
You die...

#.......##.##.#
#.##........#.#####
#.##.##.##>........
#.##.##.##..#.##### ####
#.##.##.##..#... .....
#.##.##.##..#######....#
#....##.....#..........#
#).........†............
#.#####........w@....r(.
#.# #......######.##..
#.# #.........(......
#.# #.............# .
#.# ###..<.....######
#.###..............
#...).†.............
#####........#.......
#...###..........


You could see a worm and a rat.

Vanquished Creatures
  An ogre (D:2)
  A giant cockroach (D:1)
  3 hobgoblins
  2 jackals (D:1)
  A kobold (D:2)
  A ball python (D:1)
  4 frilled lizards (D:1)
  7 rats
20 creatures vanquished.

Vanquished Creatures (others)
  A ball python (D:2)
  A giant cockroach (D:2)
2 creatures vanquished.

Grand Total: 22 creatures vanquished

Notes
Turn   | Place    | Note
-------+----------+-------------------------------------------
     0 | D:1      | M4edhros the Octopode Artificer began the quest for the Orb.
     0 | D:1      | Reached XP level 1. HP: 13/13 MP: 3/3
    44 | D:1      | Reached XP level 2. HP: 6/18 MP: 4/4
   371 | D:2      | Noticed an ogre
   414 | D:2      | Killed an ogre
   414 | D:2      | Reached skill level 4 in Evocations
   414 | D:2      | Reached XP level 3. HP: 12/23 MP: 4/6
   414 | D:2      | Reached XP level 4. HP: 15/28 MP: 4/7
   449 | D:2      | Slain by a worm

Vault maps used:
D:1:      erik_arrival_cave_to_civilisation, minmay_heptomino_d4
D:2:      first_ration

Skill      XL: |  1  2 |
---------------+-------+-----
Stealth        | 3 |  3.5
Dodging        | 3 |  3.1
Evocations     | 4 |  4.2
Fighting       | |  1.0
Short Blades   | |  1.0

Action                   |  1- 3 |  4- 6 || total
-------------------------+-------+-------++-------
Melee: Short sword       |    39 |     2 ||    41
       Constrict         |    10 |     1 ||    11
       Tentacles         |     4 |     1 ||     5
Evoke: Wand              |     8 |     1 ||     9
 Stab: Sleeping          |     4 |       ||     4
Dodge: Dodged            |    36 |       ||    36

Table legend:
 A = Spawn XP
 B = Non-spawn XP
 C = Spawn XP percentage of total XP
 D = Spawn monster count
 E = Non-spawn monster count
 F = Spawn count percentage of total count
 G = Total turns spent on level
                    A         B        C        D         E        F      G
               +---------+---------+-------+---------+---------+-------+---------
         Total |       0 |     120 |   0.0 |       0 |      20 |   0.0 |   449
               +---------+---------+-------+---------+---------+-------+---------
           D:1 |       0 |      20 |   0.0 |       0 |      15 |   0.0 |   362
           D:2 |       0 |     100 |   0.0 |       0 |       5 |   0.0 |    87
               +---------+---------+-------+---------+---------+-------+---------
